cohdb
Replays
Latest Replays
All Replays
Popular Replays
Top Player Replays
Match Explorer
How It Works
Community
CoH3 Stats
Reddit
Sign in to upload your games and track your stats! →
Sign in with Steam
Match 25262984
Unlisted
Match 25262984
Overview
Messages
Build Orders
End
Construct Barracks
Riflemen Squad
Riflemen Squad
Riflemen Squad
Infantry Support Center
Grenade Package
Riflemen Squad
M1918 Browning Automatic Rifles
Munitions Surplus
Construct Medical Station
Construct Motor Pool
Selects Armored Battlegroup
Selects Veteran Crews
Selects Field Repairs
Selects War Machine
M24 Chaffee Light Tank
Selects Fast Deploy
ConcernedApe
INTEL
asdqwe
CPU+++
0
0
Comments
sign in to comment!
No comments posted yet!